 Dungeon Crawl Stone Soup version 0.30-a0-949-g53dc5368d7 (webtiles) character file.

Game seed: 17451878572861744906

1660 Barriton the Firebug (level 8, 0/59 HPs)
             Began as a Grey Draconian Fire Elementalist on Mar 27, 2023.
             Slain by a yak (11 damage)
             ... on level 6 of the Dungeon.
             The game lasted 00:14:31 (7197 turns).

Barriton the Firebug (DrFE)                         Turns: 7197, Time: 00:14:31

Health: 0/59       AC: 15    Str: 10    XL:     8   Next: 68%
Magic:  3/16       EV: 13    Int: 17    God:
Gold:   282        SH:  0    Dex: 15    Spells: 11/18 levels left

rFire   + + .      SeeInvis .    a - staff of earth
rCold   + + .      Faith    .    (no shield)
rNeg    + . .      Spirit   .    (body armour unavailable)
rPois   +          Reflect  .    v - +0 hat
rElec   +          Rampage  .    p - +0 cloak
rCorr   +                        j - +0 pair of gloves
Will    +....                    f - +1 pair of boots
Stlth   +++                      (no amulet)
HPRegen 0.29/turn                s - ring "Ytuzaet" {rF+ rC+ rN+ Will+ rCorr}
MPRegen 0.15/turn                m - ring of wizardry

@: resistant, on berserk cooldown, slowed, very slow
A: AC +11, amphibious, unfitting armour, cold-blooded, thin skeletal structure 1
a: no special abilities


You were on level 6 of the Dungeon.
You visited 1 branch of the dungeon, and saw 6 of its levels.

You collected 282 gold pieces.

Inventory:

Missiles
 y - a throwing net
Armour
 f - a +1 pair of boots (worn)
 j - a +0 pair of gloves (worn)
 p - a +0 cloak (worn)
 v - a +0 hat (worn)
Magical Staves
 a - a staff of earth (weapon)
Jewellery
 g - a +6 ring of strength
 m - a ring of wizardry (right hand)
 s - the ring "Ytuzaet" (left hand) {rF+ rC+ rN+ Will+ rCorr}
   (You found it on level 5 of the Dungeon)

   [ring of protection from fire]

   rF:        It protects you from fire.
   rC:        It protects you from cold.
   rN:        It protects you from negative energy.
   rCorr:     It protects you from acid and corrosion.
   Will:      It increases your willpower.
Wands
 o - a wand of polymorph (9)
 q - a wand of flame (24)
Scrolls
 d - 3 scrolls of teleportation
 h - a scroll of blinking
 n - 2 scrolls of enchant weapon
 t - 3 scrolls of poison
Potions
 b - 2 potions of curing
 e - a potion of degeneration
 i - 2 potions of berserk rage
 k - 4 potions of attraction
 l - a potion of brilliance
 r - a potion of cancellation
 A - a potion of flight


   Skills:
 + Level 1.2 Fighting
 + Level 2.0 Staves
 + Level 3.3 Dodging
 + Level 2.2 Stealth
 + Level 0.2 Unarmed Combat
 + Level 5.8 Spellcasting
 + Level 2.4 Conjurations
 + Level 6.1 Fire Magic
 * Level 4.9 Earth Magic
 * Level 3.2 Evocations


You had 11 spell levels left.
You knew the following spells:

 Your Spells              Type           Power      Damage    Failure   Level
a - Foxfire               Conj/Fire      76%        2x1d7     1%          1
b - Scorch                Fire           50%        2d7       1%          2
c - Sandblast             Erth           64%        2d14      1%          1
d - Stone Arrow           Conj/Erth      52%        3d10      3%          3

Your spell library contained the following spells:

 Spells                   Type           Power      Damage    Failure   Level
 Passwall                 Tmut/Erth      16%        N/A       2%          2
 Static Discharge         Conj/Air       18%        2-3/arc   4%          2
 Inner Flame              Hex/Fire       15%        N/A       4%          3
 Apportation              Tloc           8%         N/A       5%          1
 Kindle Blastsparks       Fire/Tloc/Air  22%        2d11      7%          3
 Blink                    Tloc           8%         N/A       9%          2
 Ensorcelled Hibernation  Hex/Ice        8%         N/A       9%          2
 Flame Wave               Conj/Fire      19%        2d7       9%          4
 Swiftness                Air            4%         N/A       16%         3
 Vhi's Electric Charge    Tloc/Air       8%         N/A       16%         3
 Petrify                  Tmut/Erth      20%        N/A       19%         4
 Plasma Beam              Fire/Air       7%         2x1d20    38%         5
 Manifold Assault         Tloc           4%         N/A       45%         4
 Arcjolt                  Conj/Air       4%         1d14      61%         5
 Alistair's Intoxication  Tmut/Pois      2%         N/A       78%         5
 Storm Form               Tmut/Air       2%         N/A       100%        7
 Lehudib's Crystal Spear  Conj/Erth      13%        10d4      100%        8


Dungeon Overview and Level Annotations

Branches:
Dungeon (6/15)             Temple (0/1) D:6

Altars:
Uskayaw
Zin

Shops:
D:5 (


Innate Abilities, Weirdness & Mutations

Your dull iron-grey scales are very hard. (AC +11)
You are amphibious.
You cannot fit into any form of body armour.
You are cold-blooded and may be slowed by cold attacks.
You have a somewhat thin skeletal structure. (Dex +2, Stealth+)


Message History

The yak gores you!
* * * LOW HITPOINT WARNING * * *
You closely miss the yak.
The yak is almost dead.
The yak closely misses you.
You hit the yak.
Your tail-slap misses the yak.
The yak is almost dead.
You hit the yak!
You kill the yak!
Your Fighting skill increases to level 1!
Your Fire Magic skill increases to level 6!
Your Evocations skill increases to level 3!
You hit the yak.
The yak is moderately wounded.
The yak gores you!
* * * LOW HITPOINT WARNING * * *
You hit the yak.
The yak is heavily wounded.
The yak gores you but does no damage.
You hit the yak!
The yak is severely wounded.
You hit the yak!
You kill the yak!
You are no longer berserk.
You are exhausted.
You feel yourself slow down.
A phantom comes into view.
Your Staves skill increases to level 2!
You hit the yak. You tail-slap the yak.
The yak is lightly wounded.
The yak gores you.
* * * LOW HITPOINT WARNING * * *
The yak gores you but does no damage.
You hit the yak but do no damage.
The yak is lightly wounded.
The yak gores you but does no damage.
You hit the yak but do no damage.
You shatter the yak.
The yak is lightly wounded.
The yak gores you but does no damage. The yak gores you!
You die...

.........#
..h...h..#
#..######### Y.>
.#...<....... . .Y
..##.#W######. ..
..........#h# ..#
#.#..######Y# ...#
#.##.### #Y# ....#
......# #@#
.....##.#.#.# #.#
###.....#...# #.#
.......##...####.#
.#......#......#.#
#.###......##.#.#
#..........##.#.#
...#.......##.#.#
### #.###...##.#.#


You could see 2 yaks, a phantom and a hound.

Vanquished Creatures
  3 yaks (D:6)
  Eustachio (D:5)
  An acid dragon (D:6)
  2 ogres (D:4)
  A scorpion (D:5)
  A wight (D:6)
  Crazy Yiuf (D:2)
  4 hounds
  4 orc priests
  A gnoll bouda (D:6)
  2 sleepcaps
  Ijyb (D:3)
  Terence (D:3)
  2 orc wizards
  8 gnolls
  7 adders
  A white imp (D:6)
  A worm (D:3)
  4 dart slugs
  19 orcs
  11 endoplasms
  A giant cockroach (D:2)
  3 goblins
  7 hobgoblins
  5 jackals
  A quokka (D:3)
  4 ball pythons
  3 bats
  3 frilled lizards
  13 kobolds
  4 rats
120 creatures vanquished.

Vanquished Creatures (others)
  210 foxfires
210 creatures vanquished.

Grand Total: 330 creatures vanquished

Notes
Turn   | Place    | Note
-------+----------+-------------------------------------------
     0 | D:1      | Barriton the Draconian Fire Elementalist began the quest
                  | for the Orb.
     0 | D:1      | Reached XP level 1. HP: 14/14 MP: 3/3
   606 | D:1      | Reached XP level 2. HP: 17/20 MP: 0/5
  1133 | D:1      | Learned a level 2 spell: Scorch
  1195 | D:2      | Reached XP level 3. HP: 25/26 MP: 3/6
  1803 | D:2      | Got the Parchment of Silt
  2189 | D:2      | Found a runed translucent door.
  2190 | D:2      | Noticed Crazy Yiuf
  2287 | D:2      | Killed Crazy Yiuf
  2288 | D:2      | Reached skill level 4 in Fire Magic
  2288 | D:2      | Reached XP level 4. HP: 33/33 MP: 2/8
  2658 | D:3      | Noticed Ijyb
  2667 | D:3      | Killed Ijyb
  2746 | D:3      | Noticed Terence
  2755 | D:3      | Killed Terence
  2756 | D:3      | Reached XP level 5. HP: 34/38 MP: 6/10
  3021 | D:3      | Found a hide-covered altar of Uskayaw.
  3030 | D:3      | Found a glowing silver altar of Zin.
  3388 | D:3      | Learned a level 1 spell: Sandblast
  3392 | D:3      | Learned a level 3 spell: Stone Arrow
  3746 | D:4      | Noticed an ogre
  3750 | D:4      | Killed an ogre
  3751 | D:4      | Reached XP level 6. HP: 45/45 MP: 5/12
  4536 | D:4      | Reached skill level 1 in Earth Magic
  4542 | D:4      | Reached skill level 1 in Evocations
  4736 | D:5      | Entered Level 5 of the Dungeon
  4752 | D:5      | Identified the ring "Ytuzaet" {rF+ rC+ rN+ Will+ rCorr}
  4773 | D:5      | Reached skill level 5 in Fire Magic
  4773 | D:5      | Your scales start taking on a dull iron-grey colour.
  4773 | D:5      | Reached XP level 7. HP: 50/50 MP: 1/13
  4903 | D:6      | Noticed a yak
  4903 | D:6      | Noticed a yak
  5156 | D:5      | Found Lidgh's Weapon Emporium.
  5342 | D:5      | Noticed Eustachio
  5432 | D:5      | Killed Eustachio
  5822 | D:5      | Reached skill level 1 in Staves
  6454 | D:5      | Gained mutation: You have a somewhat thin skeletal
                  | structure. (Dex +2, Stealth+) [potion of mutation]
  6706 | D:6      | Reached skill level 5 in Spellcasting
  6707 | D:6      | Reached XP level 8. HP: 58/58 MP: 4/15
  6890 | D:6      | Found a staircase to the Ecumenical Temple.
  6912 | D:6      | Noticed a kobold demonologist
  6937 | D:6      | Noticed a smoke demon
  6942 | D:6      | Noticed a hellwing
  6943 | D:6      | Noticed an orange demon
  7191 | D:6      | Reached skill level 1 in Fighting
  7191 | D:6      | Reached skill level 6 in Fire Magic
  7197 | D:6      | Slain by a yak

Illustrated notes

Levels and vault maps discovered:
D:1:      minmay_arrival_four_houses, layout_loops_ring
D:2:      minmay_spotlight, layout_loops_ring, chequers_serial_rivers_micro_b,
          grunt_decor_clamped, uniq_crazy_yiuf_cottage
D:3:      layout_rooms, mainiacjoe_overflow_swirl, serial_corexii_hall,
          corexii_hall_statues_s, corexii_hall_statues_deadend,
          chequers_serial_rivers_small_b, dk_noncrumbling_3, uniq_ijyb,
          uniq_terence
D:4:      layout_basic, st_stairs_7
D:5:      layout_layer_cave, serial_shops, shop, uniq_eustachio
D:6:      hangedman_cross_stitches, layout_basic, minmay_temple_entry_hall,
          ebering_ghost_sewer_d, serial_shops, shop_fountains

Skill      XL: |  1  2  3  4  5  6  7  8 |
---------------+-------------------------+-----
Dodging        | 2 3 |  3.3
Fire Magic     | 4 5 6 |  6.1
Stealth        | 2 |  2.2
Spellcasting   | 3 4 5 |  5.8
Conjurations   | 2 |  2.4
Earth Magic    | 2 3 4 |  4.9
Evocations     | 1 2 3 |  3.2
Staves         | 1 2 |  2.0
Fighting       | 1 |  1.2
Unarmed Combat | |  0.2

Action                     |  1- 3 |  4- 6 |  7- 9 || total
---------------------------+-------+-------+-------++-------
  Melee: Unarmed           |    30 |       |       ||    30
         Tailslap          |     2 |     7 |    15 ||    24
         Staff             |       |    30 |   137 ||   167
         Punch             |       |     1 |     4 ||     5
   Cast: Foxfire           |    66 |    47 |    18 ||   131
         Scorch            |     7 |    18 |    59 ||    84
         Sandblast         |       |    11 |     8 ||    19
         Stone Arrow       |       |    23 |     4 ||    27
    Use: Scroll            |     3 |    12 |     4 ||    19
         Potion            |       |     1 |     8 ||     9
   Stab: Sleeping          |     1 |       |       ||     1
 Armour: Skin              |    20 |    13 |   148 ||   181
  Dodge: Dodged            |    42 |    28 |   195 ||   265

Table legend: (Time is in decaauts)
 A = Elapsed time spent in this place.
 B = Non-inter-level travel time spent in this place.
 C = Inter-level travel time spent in this place.
 D = Time resting spent in this place.
 E = Time spent auto-exploring this place.
 F = Levels seen in this place.
 G = Mean time per level.
                   A        B        C        D        E       F      G
               +--------+--------+--------+--------+--------+-----+--------+
         Total |   7229 |   6904 |    325 |      0 |   5817 |   6 | 1204.8 |
       Dungeon |   7229 |   6904 |    325 |      0 |   5817 |   6 | 1204.8 |
               +--------+--------+--------+--------+--------+-----+--------+

Top non-repeatable levels by time:
     D:5: 1776 daAuts
     D:4: 1318 daAuts
     D:2: 1266 daAuts
     D:1: 1193 daAuts
     D:3: 963 daAuts
     D:6: 710 daAuts
